MID
HARTFORD YARD GOATS @ WISCONSIN TIMBER RATTLERS
04/15/2047
 
TOP OF THE 1ST
Hartford Yard Goats batting - Pitching for Wisconsin Timber Rattlers : RHP Cesar Pulido
Pitching: RHP Cesar Pulido
Batting: RHB Mike McElroy 0-0: Called Strike
0-1: Ball
1-1: Called Strike
1-2: Strikes out swinging
Batting: LHB Paul McClintock 0-0: Called Strike
0-1: SINGLE (Groundball, 4MD, EV 101.9 MPH) (infield hit)
Batting: LHB Jason Ryan 0-0: Called Strike
0-1: Ball
1-1: Foul Ball, location: 2F
1-2: Strikes out swinging
Batting: RHB Ray Insley 0-0: Called Strike
0-1: Ball
1-1: Ball
2-1: Foul Ball, location: 2F
2-2: Ball
3-2: Fly out, F6 (Flyball, 6D, EV 83.1 MPH)
Top of the 1st over - 0 runs, 1 hit, 0 errors, 1 left on base; Hartford 0 - Wisconsin 0
BOTTOM OF THE 1ST
Wisconsin Timber Rattlers batting - Pitching for Hartford Yard Goats : RHP Zach Sommer
Pitching: RHP Zach Sommer
Batting: RHB Chris Maul 0-0: Bunt missed!
0-1: Ball
1-1: SINGLE (Groundball, 6MD, EV 101.9 MPH)
Batting: SHB Aaron Neill 0-0: Called Strike
Chris Maul steals 2nd, throwing error, E2
Chris Maul to third
0-1: Called Strike
0-2: Fly out, F6 (Line Drive, 56D, EV 63.8 MPH)
Batting: LHB Jason Raker 0-0: Ball
1-0: Ball
2-0: Fly out, F8 (Line Drive, 8LM, EV 103.1 MPH)
Runner from 3rd tags up, SCORES, no throw by CF
Batting: RHB Ryan Miller 0-0: Ball
1-0: Ball
2-0: Foul Ball, location: 2F
2-1: Ball
3-1: Fly out, F8 (Flyball, 8RM, EV 82.5 MPH)
Bottom of the 1st over - 1 run, 1 hit, 1 error, 0 left on base; Hartford 0 - Wisconsin 1
TOP OF THE 2ND
Hartford Yard Goats batting - Pitching for Wisconsin Timber Rattlers : RHP Cesar Pulido
Batting: SHB Jamie Mims 0-0: Called Strike
0-1: Ball
1-1: Ball
2-1: Ground out 4-3 (Groundball, 4M, EV 80.6 MPH)
Batting: LHB Harry Folsom 0-0: Called Strike
0-1: Foul Ball, location: 2F
0-2: Foul Ball, location: 2F
0-2: Ball
1-2: Ball
2-2: Foul Ball, location: 2F
2-2: Strikes out swinging
Batting: RHB Zakhar Edelman 0-0: Ball
1-0: Foul Ball, location: 2F
1-1: Called Strike
1-2: SINGLE (Groundball, 4MD, EV 106.2 MPH)
Batting: RHB Zach Sommer 0-0: Called Strike
0-1: Called Strike
0-2: Ball
1-2: SINGLE (Groundball, 4MD, EV 94.4 MPH)
Zakhar Edelman to second
Runner from 2nd tries for 3rd, SAFE, throw by CF made to third
Batting: RHB Yamashita Yagi 0-0: Called Strike
0-1: Foul Ball, location: 2F
0-2: Strikes out swinging
Top of the 2nd over - 0 runs, 2 hits, 0 errors, 2 left on base; Hartford 0 - Wisconsin 1
BOTTOM OF THE 2ND
Wisconsin Timber Rattlers batting - Pitching for Hartford Yard Goats : RHP Zach Sommer
Batting: LHB Rick Campbell 0-0: Ball
1-0: Ball
2-0: Ball
3-0: Called Strike
3-1: Base on Balls
Batting: RHB Jose Cerritos Pickoff Play to 1st, Runner tries for 2nd, OUT after rundown.
0-0: Ball
1-0: Ball
2-0: Fly out, F8 (Flyball, 8LM, EV 90.0 MPH)
Batting: LHB Tyler Francis 0-0: Ball
1-0: Swinging Strike
1-1: Ball
2-1: Called Strike
2-2: Strikes out swinging
Bottom of the 2nd over - 0 runs, 0 hits, 0 errors, 0 left on base; Hartford 0 - Wisconsin 1
TOP OF THE 3RD
Hartford Yard Goats batting - Pitching for Wisconsin Timber Rattlers : RHP Cesar Pulido
Batting: RHB Mike McElroy 0-0: Ball
1-0: Ball
2-0: Ball
3-0: Base on Balls
Batting: LHB Paul McClintock 0-0: Ball
1-0: Swinging Strike
1-1: Foul Ball, location: 2F
1-2: Grounds into double play, 6-4-3 (Groundball, 6, EV 83.8 MPH)
Batting: LHB Jason Ryan 0-0: Swinging Strike
0-1: Foul Ball, location: 2F
0-2: Strikes out swinging, 2-3 out at first.
Top of the 3rd over - 0 runs, 0 hits, 0 errors, 0 left on base; Hartford 0 - Wisconsin 1
BOTTOM OF THE 3RD
Wisconsin Timber Rattlers batting - Pitching for Hartford Yard Goats : RHP Zach Sommer
Batting: RHB Juan Villanueva 0-0: Fly out, F8 (Flyball, 8RM, EV 84.4 MPH)
Batting: RHB Leo Serrano 0-0: Called Strike
0-1: Ball
1-1: Ball
2-1: Called Strike
2-2: Ground out 5-3 (Groundball, 5, EV 100.6 MPH)
Batting: RHB Chris Maul 0-0: Called Strike
0-1: Ground out 5-3 (Groundball, 56, EV 86.9 MPH)
Bottom of the 3rd over - 0 runs, 0 hits, 0 errors, 0 left on base; Hartford 0 - Wisconsin 1
TOP OF THE 4TH
Hartford Yard Goats batting - Pitching for Wisconsin Timber Rattlers : RHP Cesar Pulido
Batting: RHB Ray Insley 0-0: Ball
1-0: Ball
2-0: Ground out 5-3 (Groundball, 5S, EV 68.1 MPH)
Batting: SHB Jamie Mims 0-0: Ball
1-0: SINGLE (Line Drive, 5D, EV 95.6 MPH)
Batting: LHB Harry Folsom 0-0: Called Strike
0-1: Called Strike
0-2: Ball
1-2: Ball
2-2: Ball
3-2: Strikes out looking
Batting: RHB Zakhar Edelman 0-0: Ball
Wild Pitch!
Jamie Mims to second
1-0: Ball
2-0: Called Strike
2-1: Swinging Strike
2-2: Ball
3-2: Fly out, F9 (Flyball, 9D, EV 96.9 MPH)
Top of the 4th over - 0 runs, 1 hit, 0 errors, 1 left on base; Hartford 0 - Wisconsin 1
BOTTOM OF THE 4TH
Wisconsin Timber Rattlers batting - Pitching for Hartford Yard Goats : RHP Zach Sommer
Batting: SHB Aaron Neill 0-0: Called Strike
0-1: Swinging Strike
0-2: Foul Ball, location: 2F
0-2: Foul Ball, location: 2F
0-2: TRIPLE (Line Drive, 9D, EV 114.4 MPH)
Batting: LHB Jason Raker 0-0: Ball
1-0: Called Strike
1-1: Ground out 6-3 (Groundball, 6, EV 108.8 MPH)
Aaron Neill scores
Batting: RHB Ryan Miller 0-0: Ground out 3-1 (Groundball, 34S, EV 91.9 MPH)
Batting: LHB Rick Campbell 0-0: Swinging Strike
0-1: Ball
1-1: Swinging Strike
1-2: Ball
2-2: Ball
3-2: Foul Ball, location: 2F
3-2: Foul Ball, location: 2F
3-2: Ground out 6-3 (Groundball, 6M, EV 104.4 MPH)
Bottom of the 4th over - 1 run, 1 hit, 0 errors, 0 left on base; Hartford 0 - Wisconsin 2
TOP OF THE 5TH
Hartford Yard Goats batting - Pitching for Wisconsin Timber Rattlers : RHP Cesar Pulido
Batting: RHB Zach Sommer 0-0: Called Strike
0-1: Ball
1-1: Ball
2-1: Ball
3-1: Swinging Strike
3-2: Strikes out swinging
Batting: RHB Yamashita Yagi 0-0: Swinging Strike
0-1: Ball
1-1: Foul Ball, location: 2F
1-2: Strikes out looking
Batting: RHB Mike McElroy 0-0: Ball
1-0: Ball
2-0: Foul Ball, location: 2F
2-1: Called Strike
2-2: Ball
3-2: Base on Balls
Batting: LHB Paul McClintock 0-0: Ball
1-0: Ball
2-0: Foul Ball, location: 2F
2-1: Ball
3-1: Fly out, F8 (Flyball, 8RM, EV 81.2 MPH)
Top of the 5th over - 0 runs, 0 hits, 0 errors, 1 left on base; Hartford 0 - Wisconsin 2
BOTTOM OF THE 5TH
Wisconsin Timber Rattlers batting - Pitching for Hartford Yard Goats : RHP Zach Sommer
Batting: RHB Jose Cerritos 0-0: Swinging Strike
0-1: Called Strike
0-2: Strikes out swinging
Batting: LHB Tyler Francis 0-0: Called Strike
0-1: Foul Ball, location: 2F
0-2: DOUBLE (Line Drive, 7LD, EV 99.4 MPH)
Batting: RHB Juan Villanueva 0-0: SINGLE (Groundball, 56S, EV 68.8 MPH) (infield hit)
Tyler Francis to third
Batting: RHB Leo Serrano 0-0: Ball
1-0: Ball
2-0: Ball
3-0: Base on Balls
Juan Villanueva to second
Batting: RHB Chris Maul 0-0: Ball
1-0: Ball
2-0: Ball
Passed Ball!
Tyler Francis scores
Juan Villanueva to third
Leo Serrano to second
3-0: Base on Balls
Batting: SHB Aaron Neill 0-0: Fielders Choice at 2nd, 6-4 (Groundball, 6, EV 87.5 MPH)
Juan Villanueva scores
Leo Serrano to third
Batting: LHB Jason Raker 0-0: Called Strike
0-1: Called Strike
0-2: Ball
1-2: Fielders Choice at 2nd, 5-4 (Groundball, 56, EV 87.5 MPH)
Bottom of the 5th over - 2 runs, 2 hits, 0 errors, 2 left on base; Hartford 0 - Wisconsin 4
TOP OF THE 6TH
Hartford Yard Goats batting - Pitching for Wisconsin Timber Rattlers : RHP Cesar Pulido
Pitching: LHP Bill Dunham
Batting: LHB Jason Ryan 0-0: Ball
1-0: Ball
2-0: Ball
3-0: Called Strike
3-1: Base on Balls
Batting: RHB Ray Insley 0-0: Ball
1-0: Foul Ball, location: 2F
1-1: Foul Ball, location: 2F
1-2: Foul Ball, location: 2F
1-2: Foul Ball, location: 2F
1-2: Foul Ball, location: 2F
1-2: Ball
2-2: Foul Ball, location: 2F
2-2: Fielders Choice at 2nd, 5-4 (Groundball, 56S, EV 89.4 MPH)
Batting: SHB Jamie Mims 0-0: Ball
1-0: Swinging Strike
1-1: Foul Ball, location: 2F
1-2: Strikes out looking
Batting: LHB Harry Folsom 0-0: Ball
1-0: Ball
2-0: Fly out, F8 (Flyball, 8RM, EV 85.0 MPH)
Top of the 6th over - 0 runs, 0 hits, 0 errors, 1 left on base; Hartford 0 - Wisconsin 4
BOTTOM OF THE 6TH
Wisconsin Timber Rattlers batting - Pitching for Hartford Yard Goats : RHP Zach Sommer
Batting: RHB Ryan Miller 0-0: Called Strike
0-1: Foul Ball, location: 2F
0-2: Ball
1-2: Strikes out swinging
Batting: LHB Rick Campbell 0-0: Foul Ball, location: 2F
0-1: Foul Ball, location: 2F
0-2: Foul Ball, location: 2F
0-2: Foul Ball, location: 2F
0-2: Strikes out swinging
Batting: RHB Jose Cerritos 0-0: SINGLE (Line Drive, 4D, EV 98.1 MPH)
Batting: LHB Tyler Francis 0-0: Ball
1-0: Ball
2-0: Called Strike
Jose Cerritos steals 2nd base
2-1: Foul Ball, location: 2F
2-2: Foul Ball, location: 2F
2-2: Foul Ball, location: 2F
2-2: Strikes out swinging
Bottom of the 6th over - 0 runs, 1 hit, 0 errors, 1 left on base; Hartford 0 - Wisconsin 4
TOP OF THE 7TH
Hartford Yard Goats batting - Pitching for Wisconsin Timber Rattlers : LHP Bill Dunham
Pitching: RHP Brian Heimerman
Batting: RHB Zakhar Edelman 0-0: Ball
1-0: Ball
2-0: Called Strike
2-1: Fly out, F7 (Line Drive, 78S, EV 96.2 MPH)
Batting: RHB Zach Sommer 0-0: Called Strike
0-1: Ball
1-1: Ball
2-1: Called Strike
2-2: Ground out 5-3 (Groundball, 5, EV 79.4 MPH)
Batting: RHB Yamashita Yagi 0-0: Foul Ball, location: 2F
0-1: Ball
1-1: Ball
2-1: Called Strike
2-2: Foul Ball, location: 2F
2-2: Ball
3-2: Ground out 6-3 (Groundball, 6MS, EV 76.2 MPH)
Top of the 7th over - 0 runs, 0 hits, 0 errors, 0 left on base; Hartford 0 - Wisconsin 4
BOTTOM OF THE 7TH
Wisconsin Timber Rattlers batting - Pitching for Hartford Yard Goats : RHP Zach Sommer
Pitching: RHP Davon Ware
Batting: RHB Juan Villanueva 0-0: Hit by Pitch
Batting: RHB Leo Serrano 0-0: Bunted foul
0-1: Bunt missed!
0-2: Ball
1-2: Ground out 4-3 (Groundball, 34, EV 108.8 MPH)
Juan Villanueva to second
Batting: RHB Chris Maul 0-0: Swinging Strike
0-1: Foul Ball, location: 2F
0-2: Ball
1-2: Ground out 6-3 (Groundball, 6, EV 100.0 MPH)
Batting: SHB Aaron Neill 0-0: Fly out, F2 (Popup, 25F, EV 91.2 MPH)
Bottom of the 7th over - 0 runs, 0 hits, 0 errors, 1 left on base; Hartford 0 - Wisconsin 4
TOP OF THE 8TH
Hartford Yard Goats batting - Pitching for Wisconsin Timber Rattlers : RHP Brian Heimerman
Batting: RHB Mike McElroy 0-0: Ball
1-0: Swinging Strike
1-1: Foul Ball, location: 2F
1-2: Strikes out swinging
Batting: LHB Paul McClintock 0-0: Called Strike
0-1: Called Strike
0-2: Ball
1-2: Ball
2-2: Strikes out swinging
Batting: LHB Jason Ryan 0-0: Ball
1-0: Foul Ball, location: 2F
1-1: Foul Ball, location: 2F
1-2: Ball
2-2: Strikes out looking
Top of the 8th over - 0 runs, 0 hits, 0 errors, 0 left on base; Hartford 0 - Wisconsin 4
BOTTOM OF THE 8TH
Wisconsin Timber Rattlers batting - Pitching for Hartford Yard Goats : RHP Davon Ware
Batting: LHB Jason Raker 0-0: Ball
1-0: SINGLE (Groundball, 6MD, EV 98.8 MPH)
Batting: RHB Ryan Miller 0-0: Ball
1-0: Called Strike
Jason Raker is caught stealing 2nd base 2-4
1-1: Ball
2-1: Ball
3-1: Foul Ball, location: 2F
3-2: Strikes out swinging
Batting: LHB Rick Campbell 0-0: Ball
1-0: Ball
2-0: Called Strike
2-1: Foul Ball, location: 2F
2-2: Foul Ball, location: 2F
2-2: Ball
3-2: Base on Balls
Batting: RHB Jose Cerritos 0-0: Called Strike
0-1: Ball
Rick Campbell steals 2nd base (no throw)
1-1: Fly out, F3 (Popup, 34S, EV 78.1 MPH)
Bottom of the 8th over - 0 runs, 1 hit, 0 errors, 1 left on base; Hartford 0 - Wisconsin 4
TOP OF THE 9TH
Hartford Yard Goats batting - Pitching for Wisconsin Timber Rattlers : RHP Brian Heimerman
Pitching: RHP Alejandro Souto
Batting: RHB Ray Insley 0-0: Called Strike
0-1: Ball
1-1: SOLO HOME RUN (Line Drive, 7D, EV 100.0 MPH), Distance : 366 ft
Pitching: RHP Dave Bible
Batting: SHB Jamie Mims 0-0: Ball
1-0: Ball
2-0: Ball
3-0: Called Strike
3-1: SINGLE (Line Drive, 4MD, EV 110.6 MPH)
Batting: LHB Harry Folsom 0-0: Ball
1-0: SINGLE (Line Drive, 7LS, EV 86.9 MPH)
Jamie Mims to second
Pinch Hitting: LHB Matt Calitri 0-0: Ball
1-0: Foul Ball, location: 2F
1-1: Ball
2-1: Foul Ball, location: 2F
2-2: Strikes out swinging
Batting: LHB Jim Chalk 0-0: Foul Ball, location: 2F
0-1: DOUBLE (Line Drive, 5D, EV 94.4 MPH)
Jamie Mims scores
Harry Folsom to third
Pinch Hitting: LHB Mike Kara 0-0: Ball
1-0: Ground out 4-3 (Groundball, 4, EV 97.5 MPH)
Harry Folsom scores
Jim Chalk to third
Batting: RHB Mike McElroy 0-0: Swinging Strike
0-1: Ball
1-1: Swinging Strike
1-2: Ball
2-2: Strikes out swinging
Top of the 9th over - 3 runs, 4 hits, 0 errors, 1 left on base; Hartford 3 - Wisconsin 4
Thursday, December 15th , 2022 - OOTP Baseball 23.9 Build 102